 Dungeon Sprint DCSS version 0.30-a0-1161-g0704695555 (webtiles) character file.

Game seed: 8725447954297765828

9249 rocky1 the Pyromancer (level 11, -1/54 HPs)
             Began as a Deep Elf Fire Elementalist on Apr 28, 2023.
             Was the Champion of Sif Muna.
             Slain by a ghost moth (13 damage)
             ... in the Dungeon (Sprint VII: "The Pits").
             The game lasted 00:15:27 (3012 turns).

rocky1 the Pyromancer (Deep Elf Fire Elementalist)  Turns: 3012, Time: 00:15:27

Health: -1/54      AC:  4    Str:  8      XL:     11   Next: 20%
Magic:  0/32       EV: 13    Int: 24 (25) God:    Sif Muna [******]
Gold:   0          SH:  0    Dex: 17 (18) Spells: 11/40 levels left

rFire   . . .        q - +2 scimitar (freeze)
rCold   . . .        (no shield)
rNeg    . . .        a - +0 robe
rPois   .            o - +0 helmet
rElec   .            (no cloak)
rCorr   .            n - +0 pair of gloves
SInv    .            (no boots)
Will    +....        (no amulet)
Stlth   ++           e - +3 ring of dexterity
HPRegen 0.29/turn    k - +3 ring of strength
MPRegen 0.23/turn

%: no teleportation
@: no status effects
A: no striking features
a: Renounce Religion, Channel Magic, Forget Spell, Divine Exegesis


You were in the Dungeon.
You worshipped Sif Muna.
Sif Muna was exalted by your worship.
You visited 1 branch

Inventory:

Hand Weapons
 g - a +1 quarterstaff of speed
 p - a +0 lajatang
 q - a +2 scimitar of freezing (weapon)
Armour
 a - a +0 robe (worn)
 n - a +0 pair of gloves (worn)
 o - a +0 helmet (worn)
Jewellery
 e - a +3 ring of dexterity (left hand)
 k - a +3 ring of strength (right hand)
Scrolls
 i - 5 scrolls of amnesia
Potions
 b - 2 potions of magic
 c - 8 potions of curing
 d - 3 potions of heal wounds
 f - a potion of berserk rage
 j - a potion of resistance
 l - a potion of brilliance
 m - 2 potions of mutation


   Skills:
 - Level 2.4 Dodging
 - Level 2.4 Stealth
 + Level 15.0 Spellcasting
 + Level 11.6 Conjurations
 * Level 22.4 Fire Magic
 + Level 10.3 Invocations


You had 11 spell levels left.
You knew the following spells:

 Your Spells              Type           Power      Damage    Failure   Level
a - Foxfire               Conj/Fire      100%       2x1d9     0%          1
b - Scorch                Fire           100%       2d9       0%          2
c - Flame Wave            Conj/Fire      79%        2d17      1%          4
d - Volatile Blastmotes   Fire/Tloc      100%       2d18      1%          3
e - Fireball              Conj/Fire      39%        3d16      1%          5
f - Starburst             Conj/Fire      39%        6d11      1%          6
g - Ignition              Fire           45%        3d13      1%          8

Your spell library contained the following spells:

 Spells                   Type           Power      Damage    Failure   Level
 Searing Ray              Conj           100%       2d8       1%          2
 Ignite Poison            Fire/Tmut/Pois 52%        N/A       1%          3
 Inner Flame              Hex/Fire       64%        N/A       1%          3
 Sticky Flame             Conj/Fire      79%        2d9       1%          4
 Fulminant Prism          Conj/Hex       23%        3d12      2%          4
 Lesser Beckoning         Tloc           36%        N/A       4%          2
 Passwall                 Tmut/Erth      15%        N/A       4%          2
 Poisonous Vapours        Pois/Air       36%        N/A       4%          2
 Call Canine Familiar     Summ           18%        N/A       10%         3
 Gell's Gravitas          Tloc           18%        N/A       10%         3
 Spider Form              Tmut/Pois      18%        N/A       10%         3
 Summon Guardian Golem    Hex/Summ       18%        N/A       10%         3
 Teleport Other           Tloc           18%        N/A       10%         3
 Conjure Ball Lightning   Conj/Air       23%        3x3d6     41%         6
 Alistair's Intoxication  Tmut/Pois      12%        N/A       65%         5
 Eringya's Noxious Bog    Tmut/Pois      9%         N/A       99%         6
 Monstrous Menagerie      Summ           9%         N/A       100%        7
 Lehudib's Crystal Spear  Conj/Erth      23%        10d6      100%        8
 Necromutation            Tmut/Necr      9%         N/A       100%        8
 Dragon's Call            Summ           9%         N/A       100%        9


Dungeon Overview and Level Annotations

Branches:
Dungeon (1/1)

Altars:
Ashenzari
Cheibriados
Dithmenos
Elyvilon
Fedhas
Gozag
Hepliaklqana
Kikubaaqudgha
Makhleb
Nemelex Xobeh
Okawaru
Qazlal
Ru
Sif Muna
Trog
Uskayaw
Vehumet
Wu Jian
Xom
Yredelemnul
Zin
The Shining One
Jiyva
Lugonu


Message History

Unknown command.
Aiming: Fireball (safe; 1% risk of failure)
Press: ? - help, Q - select action, (/) - cycle Shift-Dir - straight line
Aim: Disturbance (steam)
The fireball explodes!
The fireball engulfs something!!
You are engulfed in a cloud of scalding steam.
You feel you are being watched by something.
An eight-headed hydra comes into view.
Okay, then.
Okay, then.
Okay, then.
Something hits you!
Deactivating autopickup; reactivate with Ctrl-A.
Something hits you!
* * * LOW HITPOINT WARNING * * *
Something stings you!
* * * LOW HITPOINT WARNING * * *
You feel dopey.
You see here a book of Frost.
Unknown command.
You feel much better. Something hits you!!
* * * LOW HITPOINT WARNING * * *
You feel clumsy. Something hits you but does no damage. Something stings you.
* * * LOW HITPOINT WARNING * * *
The eight-headed hydra is engulfed in a cloud of scalding steam.
You feel you are being watched by something.
You feel your power leaking away. Something hits you.
* * * LOW HITPOINT WARNING * * *
Something hits you but does no damage. Something stings you.
* * * LOW HITPOINT WARNING * * *
Unknown command.
Okay, then.
You feel much better.
You feel you are being watched by something.
Something hits you but does no damage. Something hits you!
* * * LOW HITPOINT WARNING * * *
Something stings you!
You die...

##### ###########
##########
...+..'...###........ )
...+..'.....##...... †C
..##..##.....##....# )#
###....###.... ....# ..
#.....)).###.###..# .#)#.
...#).#...#....#..#.§).).
..)...)...÷....'@{D†..)..
...#..#...#....#..#D.§...
#........###.###..# .#.#.
###....###....#....# .. .
##..##.....##....# .# ..
+..'.....##...... ..
...+..'...###........ .
########### ##########


You could see an eight-headed hydra and a steam dragon.

Vanquished Creatures
  A two-headed ogre (D)
  A sea snake (D)
  A wizard (D)
  A flayed ghost (D)
  An orc knight (D)
  A lindwurm (D)
  A deep elf zephyrmancer (D)
  2 elephants (D)
  A molten gargoyle (D)
  A merfolk siren (D)
  A guardian serpent (D)
  3 kobold demonologists (D)
  A komodo dragon (D)
  A freezing wraith (D)
  A tyrant leech (D)
  2 polar bears (D)
  A troll (D)
  Prince Ribbit (D)
  2 flying skulls (D)
  A steam dragon (D)
  A warg (D)
  An acid dragon (D)
  A water moccasin (D)
  2 orc warriors (D)
  A sky beast (D)
  A black bear (D)
  2 wolves (D)
  A centaur (D)
  2 kobold brigands (D)
  A bullfrog (D)
  A gnoll sergeant (D)
  A quasit (D)
  3 orc priests (D)
  A jelly (D)
  An iron imp (D)
  An orc wizard (D)
  2 mummies (D)
  5 gnolls (D)
  An adder (D)
  An adder skeleton (D)
  A worm (D)
  7 orcs (D)
  An endoplasm (D)
  A giant cockroach (D)
  A goblin (D)
  4 jackals (D)
  3 kobolds (D)
  2 quokkas (D)
  2 ball pythons (D)
  3 frilled lizards (D)
  A rat (D)
81 creatures vanquished.

Vanquished Creatures (others)
  3 ball lightnings (D)
  80 foxfires (D)
83 creatures vanquished.

Grand Total: 164 creatures vanquished

Notes
Turn   | Place    | Note
-------+----------+-------------------------------------------
     0 | D        | rocky1 the Deep Elf Fire Elementalist began the quest for
                  | the Orb.
     0 | D        | Reached XP level 1. HP: 10/10 MP: 6/6
    41 | D        | Found a bloodstained altar of Trog.
    41 | D        | Found a shimmering blue altar of Sif Muna.
    41 | D        | Found a viscous altar of Jiyva.
    41 | D        | Found a hazy altar of Hepliaklqana.
    41 | D        | Found an opulent altar of Gozag.
    42 | D        | Found a glowing golden altar of the Shining One.
    42 | D        | Found a glowing silver altar of Zin.
    42 | D        | Found a basalt altar of Yredelemnul.
    42 | D        | Found a shimmering altar of Xom.
    42 | D        | Found an ornate altar of the Wu Jian Council.
    42 | D        | Found a sacrificial altar of Ru.
    42 | D        | Found a stormy altar of Qazlal.
    42 | D        | Found an iron altar of Okawaru.
    42 | D        | Found a sparkling altar of Nemelex Xobeh.
    42 | D        | Found a burning altar of Makhleb.
    42 | D        | Found a blossoming altar of Fedhas.
    42 | D        | Found a white marble altar of Elyvilon.
    42 | D        | Found a shadowy altar of Dithmenos.
    42 | D        | Found a snail-covered altar of Cheibriados.
    45 | D        | Found a corrupted altar of Lugonu.
    45 | D        | Found a radiant altar of Vehumet.
    46 | D        | Found an ancient bone altar of Kikubaaqudgha.
    46 | D        | Found a hide-covered altar of Uskayaw.
    46 | D        | Found a broken altar of Ashenzari.
    47 | D        | Became a worshipper of Sif Muna the Loreminder
    60 | D        | Reached skill level 4 in Fire Magic
   184 | D        | Reached * piety under Sif Muna
   185 | D        | Reached skill level 5 in Fire Magic
   214 | D        | Noticed a warg
   217 | D        | Reached skill level 6 in Fire Magic
   217 | D        | Reached XP level 2. HP: 15/15 MP: 4/8
   217 | D        | Reached ** piety under Sif Muna
   225 | D        | Killed a warg
   226 | D        | Reached skill level 11 in Fire Magic
   226 | D        | Reached XP level 3. HP: 16/19 MP: 0/9
   226 | D        | Reached XP level 4. HP: 20/24 MP: 0/10
   419 | D        | Noticed a black bear
   449 | D        | Killed a black bear
   450 | D        | Reached skill level 13 in Fire Magic
   450 | D        | Reached XP level 5. HP: 28/28 MP: 6/11
   498 | D        | Reached *** piety under Sif Muna
   499 | D        | Reached skill level 14 in Fire Magic
   499 | D        | Reached XP level 6. HP: 27/32 MP: 6/12
   573 | D        | Learned a level 2 spell: Scorch
   578 | D        | Learned a level 4 spell: Flame Wave
   693 | D        | Reached skill level 15 in Fire Magic
   752 | D        | Reached **** piety under Sif Muna
   754 | D        | Reached skill level 16 in Fire Magic
  1000 | D        | Learned a level 3 spell: Volatile Blastmotes
  1008 | D        | Reached ***** piety under Sif Muna
  1154 | D        | Noticed a water moccasin
  1156 | D        | Killed a water moccasin
  1156 | D        | Received a gift from Sif Muna
  1157 | D        | Reached skill level 5 in Spellcasting
  1157 | D        | Reached XP level 7. HP: 26/36 MP: 8/16
  1161 | D        | Got Sif Muna's Directory of Embers {god gift}
  1274 | D        | Learned a level 5 spell: Fireball
  1435 | D        | Noticed a deep elf zephyrmancer
  1435 | D        | Noticed a freezing wraith
  1444 | D        | Killed a freezing wraith
  1445 | D        | Reached skill level 17 in Fire Magic
  1512 | D        | Killed a deep elf zephyrmancer
  1513 | D        | Reached skill level 5 in Conjurations
  1513 | D        | Reached skill level 18 in Fire Magic
  1513 | D        | Reached XP level 8. HP: 41/41 MP: 15/23
  1777 | D        | Noticed an orc knight
  1778 | D        | Received a gift from Sif Muna
  1780 | D        | Reached skill level 1 in Invocations
  1791 | D        | Killed an orc knight
  1792 | D        | Reached skill level 10 in Spellcasting
  1792 | D        | Reached XP level 9. HP: 42/45 MP: 4/25
  1906 | D        | Got Qoubrokh's Papyrus of Topological Phlogiston {god gift}
  1914 | D        | Learned a level 6 spell: Starburst
  2022 | D        | Noticed a polar bear
  2025 | D        | Noticed a tyrant leech
  2026 | D        | Killed a polar bear
  2027 | D        | Reached skill level 19 in Fire Magic
  2277 | D        | Noticed an elephant
  2277 | D        | Noticed an elephant
  2282 | D        | Killed an elephant
  2282 | D        | Received a gift from Sif Muna
  2283 | D        | Reached skill level 5 in Invocations
  2290 | D        | Killed an elephant
  2297 | D        | Killed a tyrant leech
  2302 | D        | Got Sif Muna's Octavo of Battle Magic {god gift}
  2327 | D        | Noticed a lindwurm
  2328 | D        | Received a gift from Sif Muna
  2328 | D        | Noticed a flayed ghost
  2329 | D        | Reached skill level 20 in Fire Magic
  2332 | D        | Killed a lindwurm
  2338 | D        | Killed a flayed ghost
  2339 | D        | Reached XP level 10. HP: 26/50 MP: 20/28
  2339 | D        | Got Sif Muna's Exposition on Transforming Ceraunoscopy {god
                  | gift}
  2533 | D        | Learned a level 8 spell: Ignition
  2547 | D        | Noticed Prince Ribbit
  2552 | D        | Killed Prince Ribbit
  2552 | D        | Noticed a molten gargoyle
  2582 | D        | Killed a molten gargoyle
  2582 | D        | Received a gift from Sif Muna
  2583 | D        | Reached skill level 21 in Fire Magic
  2656 | D        | Got Sif Muna's Precepts of Mutagenic Ensorcelling {god
                  | gift}
  2681 | D        | Reached skill level 10 in Conjurations
  2697 | D        | Noticed a sea snake
  2771 | D        | Killed a sea snake
  2809 | D        | Noticed a guardian serpent
  2811 | D        | Killed a guardian serpent
  2883 | D        | Received a gift from Sif Muna
  2885 | D        | Noticed a two-headed ogre
  2891 | D        | Killed a two-headed ogre
  2899 | D        | Noticed a wizard
  2903 | D        | Killed a wizard
  2905 | D        | Got Sif Muna's Octavo of the Amassed Mesa {god gift}
  3003 | D        | Noticed a merfolk siren
  3004 | D        | Killed a merfolk siren
  3004 | D        | Received a gift from Sif Muna
  3005 | D        | Reached skill level 22 in Fire Magic
  3005 | D        | Reached skill level 10 in Invocations
  3005 | D        | Reached XP level 11. HP: 54/54 MP: 22/31
  3006 | D        | Reached ****** piety under Sif Muna
  3006 | D        | Received a gift from Sif Muna
  3007 | D        | Reached skill level 15 in Spellcasting
  3010 | D        | Noticed an eight-headed hydra
  3010 | D        | HP: 1/54 [something (13)]
  3012 | D        | Slain by a ghost moth

Illustrated notes

Levels and vault maps discovered:
D:        pitsprint [storerooms_1, entrance_room_1, metal_vault_4, armoury_2,
          mini_pit_1, grid_room_1, main_hall_1, silver_pit, the_coven_2,
          the_vestibule_1, steel_vault_4, golden_pit, hallway_of_sentries,
          crystal_vault_1, iron_vault_2, final_vault]

Skill      XL: |  1  2  3  4  5  6  7  8  9 10 11 |
---------------+----------------------------------+-----
Fire Magic     | 6 11 13 14 16 18 20 22 | 22.4
Spellcasting   | 5 9 10 12 14 15 | 15.0
Conjurations   | 5 6 9 11 | 11.6
Invocations    | 3 7 10 | 10.3
Dodging        | |  2.4
Stealth        | |  2.4

Action                     |  1- 3 |  4- 6 |  7- 9 | 10-12 || total
---------------------------+-------+-------+-------+-------++-------
  Melee: Quarterstaff      |       |       |     2 |       ||     2
         Scimitar          |       |       |       |     1 ||     1
   Cast: Foxfire           |    14 |    33 |       |     1 ||    48
         Scorch            |       |     6 |    17 |       ||    23
         Fireball          |       |       |    24 |    24 ||    48
         Ignition          |       |       |       |     6 ||     6
         Conjure Ball Ligh |       |       |       |     1 ||     1
 Invoke: Channel Magic     |       |       |     3 |     2 ||     5
         Divine Exegesis   |       |       |       |     1 ||     1
    Use: Scroll            |     2 |       |       |       ||     2
         Potion            |       |     1 |     9 |     6 ||    16
 Armour: Robe              |     1 |       |     1 |     3 ||     5
  Dodge: Dodged            |     5 |     8 |    14 |       ||    27

Table legend: (Time is in decaauts)
 A = Elapsed time spent in this place.
 B = Non-inter-level travel time spent in this place.
 C = Inter-level travel time spent in this place.
 D = Time resting spent in this place.
 E = Time spent auto-exploring this place.
 F = Levels seen in this place.
 G = Mean time per level.
                   A        B        C        D        E       F      G
               +--------+--------+--------+--------+--------+-----+--------+
         Total |   3029 |   2961 |     68 |   2076 |      0 |   1 | 3029.0 |
       Dungeon |   3029 |   2961 |     68 |   2076 |      0 |   1 | 3029.0 |
               +--------+--------+--------+--------+--------+-----+--------+

Top non-repeatable levels by time:
       D: 3029 daAuts
